 Dungeon Crawl Stone Soup version 0.26-a0-665-gefeb406119 (webtiles) character file.

Game seed: 1794874843926678146

422 Gargoyl the Skirmisher (level 6, 0/79 HPs)
             Began as a Gnoll Abyssal Knight on Oct 14, 2020.
             Was a Believer of Lugonu.
             Killed by divine providence
             ... invoked by an orc priest
              (15 damage)
             ... on level 3 of the Dungeon on Oct 15, 2020.
             The game lasted 00:04:46 (2720 turns).

Gargoyl the Skirmisher (Gnoll Abyssal Knight)       Turns: 2720, Time: 00:04:47

Health: 0/79       AC:  8    Str: 16    XL:     6   Next: 95%
Magic:  9/9        EV: 12    Int: 15    God:    Lugonu [**....]
Gold:   97         SH:  5    Dex: 14    Spells: 9/9 levels left

rFire    . . .     SeeInvis .   e - +0 hand axe (elec)
rCold    + . .     Faith    .   (no shield)
rNeg     + + .     Spirit   .   b - +1 ring mail {rPois}
rPois    +         Reflect  +   (no helmet)
rElec    .         Harm     .   (no cloak)
rCorr    .         Rampage  .   d - +0 pair of gloves "Bonuubuu" {*Slow rC+ rN++}
MR       .....                  (no boots)
Stlth    ..........             l - amulet of reflection
HPRegen  0.23/turn              (no ring)
MPRegen  0.11/turn              (no ring)

@: berserking, very quick
A: distributed training, fangs 1, strong nose
a: Depart the Abyss, Bend Space, Renounce Religion


You were on level 3 of the Dungeon.
You worshipped Lugonu.
Lugonu was pleased with you.
You visited 1 branch of the dungeon, and saw 3 of its levels.
You visited the Abyss 1 time.

You collected 97 gold pieces.

Inventory:

Hand Weapons
 a - a +1 hand axe
 e - a +0 hand axe of electrocution (weapon)
Missiles
 i - 31 poisoned darts (quivered)
Armour
 b - a +1 ring mail of poison resistance (worn)
 d - the +0 pair of gloves "Bonuubuu" (worn) {*Slow rC+ rN++}
   (You found it on level 2 of the Abyss)

   It protects you from cold.
   It greatly protects you from negative energy.
   It may slow you when you take damage.
Jewellery
 l - an amulet of reflection (around neck)
Wands
 h - a wand of random effects (32)
Scrolls
 k - 2 scrolls of teleportation
 n - a scroll of identify
 o - a scroll of blinking
Potions
 c - a potion of curing {unknown}
 f - a potion of ambrosia {unknown}
 j - a potion of stabbing {unknown}
 m - a potion of might {unknown}


   Skills:
 + Level 6.9 Fighting
 + Level 2.1 Short Blades
 + Level 2.1 Long Blades
 + Level 5.1 Axes
 + Level 2.1 Maces & Flails
 + Level 2.1 Polearms
 + Level 2.1 Staves
 + Level 2.1 Slings
 + Level 2.1 Bows
 + Level 2.1 Crossbows
 + Level 2.1 Throwing
 + Level 5.1 Armour
 + Level 3.4 Dodging
 + Level 2.1 Stealth
 + Level 2.1 Shields
 + Level 2.1 Unarmed Combat
 + Level 2.1 Spellcasting
 + Level 1.7 Conjurations
 + Level 1.7 Hexes
 + Level 1.7 Summonings
 + Level 1.7 Necromancy
 + Level 1.7 Translocations
 + Level 1.7 Transmutations
 + Level 1.7 Fire Magic
 + Level 1.7 Ice Magic
 + Level 1.7 Air Magic
 + Level 1.7 Earth Magic
 + Level 1.7 Poison Magic
 + Level 5.2 Invocations
 + Level 2.1 Evocations


You had 9 spell levels left.
You didn't know any spells.
Your spell library was empty.

Dungeon Overview and Level Annotations

Branches:
Dungeon (3/15)

Altars:


Innate Abilities, Weirdness & Mutations

Your experience applies equally to all skills.
You have very sharp teeth.
Your uncanny sense of smell can sniff out nearby items.


Message History

You hit the orc.
The orc is heavily wounded.
The orc closely misses you.
Unknown command.
Unknown command.
Unknown command.
It was a potion of berserk rage.
A red film seems to cover your vision as you go berserk!
You feel yourself moving faster!
You feel mighty!
The orc priest casts a cantrip, but nothing happens.
You block the orc's attack.
You slash the orc!
You kill the orc!
Lugonu accepts your kill.
You slash the orc!
You kill the orc!
Lugonu accepts your kill.
The orc priest calls down the wrath of Beogh upon you.
Beogh smites you!
You die...

#.. ...
... #.##
#.. #.#
#.# # #†#
##.####@#
......oo#
.......)#
........#
.......<#
.......##
....... ∆
.!.####
...


You could see an orc priest and an orc wizard.

Vanquished Creatures
  Sigmund (D:2)
  An ogre (D:2)
  4 gnolls (D:3)
  7 adders
  An ooze (D:1)
  A worm (D:2)
  A dart slug (D:1)
  A leopard gecko (D:1)
  2 orcs (D:3)
  9 bats
  4 giant cockroaches
  8 goblins
  11 hobgoblins
  A ball python (D:1)
  10 frilled lizards
  5 kobolds
  9 rats
76 creatures vanquished.

Notes
Turn   | Place    | Note
-------+----------+-------------------------------------------
     0 | Abyss:1  | Gargoyl the Gnoll Abyssal Knight began the quest for the
                  | Orb.
     0 | Abyss:1  | Reached XP level 1. HP: 23/23 MP: 3/3
     4 | Abyss:1  | Found a corrupted altar of Lugonu.
    27 | Abyss:1  | Found a corrupted altar of Lugonu.
    95 | Abyss:2  | Noticed a large abomination
    99 | Abyss:2  | Noticed a red very ugly thing
   101 | Abyss:2  | Noticed a red very ugly thing
   102 | Abyss:2  | Got a pair of faintly glowing gloves
   103 | D:1      | Escaped the Abyss
   109 | D:1      | Identified the +0 pair of gloves "Bonuubuu" {*Slow rC+
                  | rN++} (You found it on level 2 of the Abyss)
   705 | D:1      | Reached XP level 2. HP: 24/29 MP: 5/5
   878 | D:1      | Reached * piety under Lugonu
  1206 | D:1      | Reached XP level 3. HP: 35/35 MP: 6/6
  1606 | D:2      | Reached skill level 1 in Short Blades
  1606 | D:2      | Reached skill level 1 in Long Blades
  1606 | D:2      | Reached skill level 1 in Maces & Flails
  1606 | D:2      | Reached skill level 1 in Polearms
  1606 | D:2      | Reached skill level 1 in Staves
  1606 | D:2      | Reached skill level 1 in Slings
  1606 | D:2      | Reached skill level 1 in Bows
  1606 | D:2      | Reached skill level 1 in Crossbows
  1606 | D:2      | Reached skill level 1 in Throwing
  1606 | D:2      | Reached skill level 1 in Stealth
  1606 | D:2      | Reached skill level 1 in Shields
  1606 | D:2      | Reached skill level 1 in Unarmed Combat
  1606 | D:2      | Reached skill level 1 in Spellcasting
  1606 | D:2      | Reached skill level 1 in Evocations
  1634 | D:2      | Reached XP level 4. HP: 38/41 MP: 7/7
  1686 | D:2      | Reached ** piety under Lugonu
  1723 | D:2      | Noticed an ogre
  1728 | D:2      | Reached skill level 1 in Conjurations
  1728 | D:2      | Reached skill level 1 in Hexes
  1728 | D:2      | Reached skill level 1 in Summonings
  1728 | D:2      | Reached skill level 1 in Necromancy
  1728 | D:2      | Reached skill level 1 in Translocations
  1728 | D:2      | Reached skill level 1 in Transmutations
  1728 | D:2      | Reached skill level 1 in Fire Magic
  1728 | D:2      | Reached skill level 1 in Ice Magic
  1728 | D:2      | Reached skill level 1 in Air Magic
  1728 | D:2      | Reached skill level 1 in Earth Magic
  1728 | D:2      | Reached skill level 1 in Poison Magic
  1736 | D:2      | Killed an ogre
  1736 | D:2      | Reached XP level 5. HP: 13/47 MP: 8/8
  1870 | D:2      | Noticed Sigmund
  1890 | D:2      | Killed Sigmund
  1890 | D:2      | Reached skill level 5 in Axes
  1890 | D:2      | Reached skill level 5 in Armour
  1890 | D:2      | Reached skill level 5 in Invocations
  1890 | D:2      | Reached XP level 6. HP: 30/53 MP: 9/9
  2720 | D:3      | Killed from afar by an orc priest

Illustrated notes

Levels and vault maps discovered:
D:1:      psy_arrival_radial01, layout_basic, minmay_pentomino_x4
D:2:      minmay_evil_eye, layout_basic, chequers_jeans,
          minmay_misc_feat_enclosed, uniq_sigmund
D:3:      layout_basic, okawaru_ov_weapons_minmay

Skill      XL: |  1  2  3  4  5 |
---------------+----------------+-----
Short Blades   | 1 2 |  2.1
Long Blades    | 1 2 |  2.1
Maces & Flails | 1 2 |  2.1
Polearms       | 1 2 |  2.1
Staves         | 1 2 |  2.1
Slings         | 1 2 |  2.1
Bows           | 1 2 |  2.1
Crossbows      | 1 2 |  2.1
Throwing       | 1 2 |  2.1
Stealth        | 1 2 |  2.1
Shields        | 1 2 |  2.1
Unarmed Combat | 1 2 |  2.1
Spellcasting   | 1 2 |  2.1
Evocations     | 1 2 |  2.1
Conjurations   | 1 |  1.7
Hexes          | 1 |  1.7
Summonings     | 1 |  1.7
Necromancy     | 1 |  1.7
Translocations | 1 |  1.7
Transmutations | 1 |  1.7
Fire Magic     | 1 |  1.7
Ice Magic      | 1 |  1.7
Air Magic      | 1 |  1.7
Earth Magic    | 1 |  1.7
Poison Magic   | 1 |  1.7
Dodging        | 3 |  3.4
Axes           | 5 |  5.1
Armour         | 5 |  5.1
Invocations    | 5 |  5.2
Fighting       | |  6.9

Action                   |  1- 3 |  4- 6 || total
-------------------------+-------+-------++-------
Melee: Short sword       |    70 |       ||    70
       Bite              |     9 |     7 ||    16
       Hand axe          |    58 |    82 ||   140
Throw: Dart              |       |     6 ||     6
Invok: Depart the Abyss  |     1 |       ||     1
  Use: Scroll            |     6 |       ||     6
       Potion            |       |     1 ||     1
 Stab: Sleeping          |       |     1 ||     1
Armor: Leather armour    |     8 |       ||     8
       Scale mail        |    22 |       ||    22
       Ring mail         |    17 |    33 ||    50
Dodge: Dodged            |   120 |    51 ||   171
Block: Other             |     2 |    28 ||    30
       Reflection        |       |     1 ||     1

Table legend: (Time is in decaauts)
 A = Elapsed time spent in this place.
 B = Non-inter-level travel time spent in this place.
 C = Inter-level travel time spent in this place.
 D = Time resting spent in this place.
 E = Time spent auto-exploring this place.
 F = Levels seen in this place.
 G = Mean time per level.
                   A        B        C        D        E       F      G
               +--------+--------+--------+--------+--------+-----+--------+
         Total |   2737 |   2669 |     68 |    129 |   1891 |   5 |  547.4 |
       Dungeon |   2634 |   2566 |     68 |    129 |   1806 |   3 |  878.0 |
         Abyss |    102 |    102 |      0 |      0 |     85 |   2 |   51.0 |
               +--------+--------+--------+--------+--------+-----+--------+

Top non-repeatable levels by time:
     D:1: 1505 daAuts
     D:2: 1100 daAuts
 Abyss:2: 63 daAuts
 Abyss:1: 39 daAuts
     D:3: 29 daAuts
